 Dungeon Crawl Stone Soup version 0.28.0-49-g6dfe1f597d (webtiles) character file.

Game seed: 946583194124579215

2 mortz the Conjurer (level 1, -1/10 HPs)
             Began as a Deep Elf Conjurer on May 16, 2022.
             Slain by a hobgoblin (5 damage)
             ... on level 1 of the Dungeon.
             The game lasted 00:00:46 (168 turns).

mortz the Conjurer (Deep Elf Conjurer)               Turns: 168, Time: 00:00:46

Health: -1/10      AC:  2    Str:  4    XL:     1   Next: 33%
Magic:  4/6        EV: 12    Int: 22    God:
Gold:   12         SH:  0    Dex: 13    Spells: 5/6 levels left

rFire   . . .      SeeInvis .   c - +0 falchion {long}
rCold   . . .      Faith    .   (no shield)
rNeg    . . .      Spirit   .   a - +0 robe
rPois   .          Reflect  .   (no helmet)
rElec   .          Harm     .   (no cloak)
rCorr   .          Rampage  .   (no gloves)
Will    .....                   (no boots)
Stlth   ++........              (no amulet)
HPRegen 0.03/turn               (no ring)
MPRegen 0.10/turn               (no ring)

@: no status effects
A: no striking features
a: no special abilities


You were on level 1 of the Dungeon.
You visited 1 branch of the dungeon, and saw 1 of its levels.

You collected 12 gold pieces.


   Skills:
 + Level 2.4 Dodging
 + Level 2.4 Stealth
 + Level 3.0 Spellcasting
 + Level 4.5 Conjurations


You had 5 spell levels left.
You knew the following spells:

 Your Spells              Type           Power      Damage    Failure   Level
a - Magic Dart            Conj           92%        1d7       1%          1

Your spell library contained the following spells:

 Spells                   Type           Power      Damage    Failure   Level
 Searing Ray              Conj           46%        2d6       3%          2
 Dazzling Flash           Conj/Hex       26%        N/A       14%         3
 Fulminant Prism          Conj/Hex       6%         3d7       43%         4
 Iskenderun's Mystic Bla  Conj/Tloc      13%        2d5       43%         4

Inventory:

Hand Weapons
 c - a +0 falchion (weapon) {long}
   (You found it on level 1 of the Dungeon)
Missiles
 b - 14 stones {throwing}
Armour
 a - a +0 robe (worn)

Dungeon Overview and Level Annotations

Branches:
Dungeon (1/15)

Altars:

#.# #.# #.# #. #.#
#..####.#######
...............
...........#
####$##.# #...Sg@.#
..r.....##.#
####.#####.########
#. #......... #
#.######## #[# #.#
#.########.##
#............


You could see a hobgoblin, a ball python and a rat.


Message History

🤖 Initializing magus.rc ... ✅ Successfully initialized magus.rc [v1.9.6] Welcome, mortz the Deep Elf Conjurer.
The Orb of Zot is coveted for many reasons.
Will you seize it for your own?
Press ? for a list of commands and other information.
Found 14 stones.
Found a staircase leading out of the dungeon.
Found an escape hatch in the floor.
b - 14 stones {throwing} You now have 6 gold pieces.
A frilled lizard comes into view.
Found 6 gold pieces.
Found a faded altar of an unknown god.
You see here a +0 falchion {long}.
c - a +0 falchion (weapon)
{long} A frilled lizard is nearby!
Aiming: Magic Dart (safe; 1% risk of failure)
Press: ? - help, Q - select action, (/) - cycle Shift-Dir - straight line, f - frilled lizard
Aim: a frilled lizard (asleep, 100% to hit)
The magic dart hits the frilled lizard.
You kill the frilled lizard! 😎 MP[-1]
You lost 1 mp, and now have 5/6 mp.
You see here a +0 club {mace}.
You now have 12 gold pieces (gained 6).
Found a stone staircase leading down. 😎 MP[+1]
Your mp is fully restored (6).
Found a stone staircase leading down.
A hobgoblin comes into view.
You see here a +0 ring mail.
Aiming: Magic Dart (safe; 1% risk of failure)
Press: ? - help, Q - select action, (/) - cycle Shift-Dir - straight line, f - hobgoblin
Aim: a hobgoblin (asleep, 100% to hit)
The magic dart hits the hobgoblin.
The hobgoblin shouts! 😎 MP[-1]
You lost 1 mp, and now have 5/6 mp.
Aiming: Magic Dart (safe; 1% risk of failure)
Press: ? - help, Q - select action, (/) - cycle Shift-Dir - straight line, f/p - hobgoblin
Aim: a hobgoblin (severely wounded, 100% to hit)
The magic dart hits the hobgoblin.
You kill the hobgoblin! 😎 MP[-1]
You lost 1 mp, and now have 4/6 mp.
A rat comes into view.
Aiming: Magic Dart (safe; 1% risk of failure)
Press: ? - help, Q - select action, (/) - cycle Shift-Dir - straight line, f - rat
Aim: a rat (wandering, hasn't noticed you, 100% to hit)
The magic dart hits the rat.
You kill the rat! 😎 MP[-1]
You lost 1 mp, and now have 3/6 mp.
A hobgoblin comes into view.
The hobgoblin shouts!
The hobgoblin moves out of view. 😎 MP[+3]
Your mp is fully restored (6).
A ball python comes into view.
You see here 11 gold pieces.
Aiming: Magic Dart (safe; 1% risk of failure)
Press: ? - help, Q - select action, (/) - cycle Shift-Dir - straight line, f - hobgoblin
Aim: a hobgoblin (100% to hit)
The magic dart hits the hobgoblin.
The ball python hisses angrily. 😎 MP[-1]
You lost 1 mp, and now have 5/6 mp.
Aiming: Magic Dart (safe; 1% risk of failure)
Press: ? - help, Q - select action, (/) - cycle Shift-Dir - straight line, f/p - hobgoblin
Aim: a hobgoblin (heavily wounded, 100% to hit)
The magic dart hits the hobgoblin but does no damage. 😎 MP[-1]
You lost 1 mp, and now have 4/6 mp.
Aiming: Magic Dart (safe; 1% risk of failure)
Press: ? - help, Q - select action, (/) - cycle Shift-Dir - straight line, f/p - hobgoblin
Aim: a hobgoblin (heavily wounded, 100% to hit)
The magic dart hits the hobgoblin but does no damage.
The hobgoblin completely misses you.
A rat comes into view. 😎 MP[-1]
You lost 1 mp, and now have 3/6 mp.
You closely miss the hobgoblin. The hobgoblin hits you. 😮 HP[-3]
You take 3 damage, and now have 7/10 hp.
MASSIVE DAMAGE!! (PAUSE)
You barely miss the hobgoblin. The hobgoblin misses you.
The hobgoblin hits you.
* * * LOW HITPOINT WARNING * * *
😨 HP[-4]
You take 4 damage, and now have 3/10 hp.
MASSIVE DAMAGE!! (PAUSE)
You closely miss the hobgoblin.
The hobgoblin barely misses you. 😨 HP[+1]
You hit the hobgoblin.
The hobgoblin closely misses you. x2 😨 MP[+1]
You closely miss the hobgoblin. The hobgoblin closely misses you.
You closely miss the hobgoblin. The hobgoblin hits you.
Ouch! That really hurt!
You die...

Action                   || total
-------------------------++-------
Melee: Falchion          ||     6
 Cast: Magic Dart        ||     7
Dodge: Dodged            ||     6

Levels and vault maps discovered:
D:1:      minmay_arrival_open_corners, layout_loops_ring,
          shapermc_ecumenical_altar_acropolis

Notes
Turn   | Place    | Note
-------+----------+-------------------------------------------
     0 | D:1      | mortz the Deep Elf Conjurer began the quest for the Orb.
     0 | D:1      | Reached XP level 1. HP: 10/10 MP: 6/6
     0 | D:1      | magus.rc [v1.9.6]
    20 | D:1      | Found a faded altar of an unknown god.
   168 | D:1      | Slain by a hobgoblin

Vanquished Creatures
  A hobgoblin (D:1)
  A frilled lizard (D:1)
  A rat (D:1)
3 creatures vanquished.

Table legend:
 A = Non-vault XP
 B = Vault XP
 C = Vault XP percentage of total XP
 D = Non-vault monster count
 E = Vault monster count
 F = Vault count percentage of total count
                 A         B        C        D         E       F
            +---------+---------+-------+---------+---------+-------
      Total |       4 |       0 |   0.0 |       3 |       0 |   0.0
            +---------+---------+-------+---------+---------+-------
        D:1 |       4 |       0 |   0.0 |       3 |       0 |   0.0
            +---------+---------+-------+---------+---------+-------

Illustrated notes

Table legend:
 A = Kills in this place as a percentage of kills in entire the game.
 B = Kills by you in this place as a percentage of kills by you in the entire game.
 C = Kills by friends in this place as a percentage of kills by friends in the entire game.
 D = Other kills in this place as a percentage of other kills in the entire game.
 E = Experience gained in this place as a percentage of experience gained in the entire game.
 F = Experience gained in this place divided by the number of levels of this place that you have seen.
                   A       B       C       D       E      F
               +-------+-------+-------+-------+-------+----------------------
         Total | 100.0 | 100.0 |   N/A |   N/A | 100.0 |   4.0
       Dungeon | 100.0 | 100.0 |   N/A |   N/A | 100.0 |   4.0
               +-------+-------+-------+-------+-------+----------------------

Table legend: (Time is in decaauts)
 A = Elapsed time spent in this place.
 B = Non-inter-level travel time spent in this place.
 C = Inter-level travel time spent in this place.
 D = Time resting spent in this place.
 E = Time spent auto-exploring this place.
 F = Levels seen in this place.
 G = Mean time per level.
                   A        B        C        D        E       F      G
               +--------+--------+--------+--------+--------+-----+--------+
         Total |    169 |    169 |      0 |      0 |    141 |   1 |  169.0 |
       Dungeon |    169 |    169 |      0 |      0 |    141 |   1 |  169.0 |
               +--------+--------+--------+--------+--------+-----+--------+

Top non-repeatable levels by time:
     D:1: 169 daAuts
